 Dungeon Crawl Stone Soup version 0.17-a0-1020-ge683cc4 (webtiles) character file.

46 Jine the Chucker (level 3, -4/17 (30) HPs)
             Began as a Ghoul Hunter on May 18, 2015.
             Slain by a gnoll
             ... wielding a +0 halberd
              (9 damage)
             ... on level 4 of the Dungeon.
             The game lasted 00:05:16 (1934 turns).

Jine the Chucker (Ghoul Hunter)                     Turns: 1934, Time: 00:05:16

HP:   -4/17 (30)    AC:  3    Str: 15    XL:     3   Next: 68%
MP:   2/2           EV: 12    Int:  6    God:
Gold: 96            SH:  0    Dex: 10    Spells: 0 memorised, 2 levels left

rFire  . . .     SeeInvis .     a - +0 short sword
rCold  + . .     Clarity  .     d - +0 leather armour
rNeg   + + +     SustAb   .     (no shield)
rPois  ∞         Gourm    .     (no helmet)
rElec  .         Spirit   .     (no cloak)
rCorr  .         Warding  .     (no gloves)
rMut   +         Stasis   .     (no boots)
MR     .....                    u - amulet of resist mutation
Stlth  +.........               (no ring)
                                k - ring of stealth

@: rotting, glowing, not resistant to hostile enchantments, very unstealthy
A: rotting body, claws 1, carnivore 3, cold resistance 1, negative energy
resistance 3, slow healing 1, torment resistance, unbreathing
a: no special abilities


You were on level 4 of the Dungeon.
You were not hungry.

You visited 1 branch of the dungeon, and saw 4 of its levels.

You collected 96 gold pieces.

Inventory:

Hand weapons
 a - a +0 short sword (weapon)
 f - a +0 club
Missiles
 b - 2 javelins (quivered)
 c - 2 throwing nets
Armour
 d - a +0 leather armour (worn)
Jewellery
 k - a ring of stealth (left claw)
 u - an amulet of resist mutation (around neck)
Scrolls
 m - a scroll of magic mapping {unknown}
 o - a scroll of fear {unknown}
 r - a scroll of remove curse {unknown}
 s - a scroll of random uselessness {unknown}
 v - a scroll of teleportation {unknown}
Potions
 g - a potion of cure mutation {unknown}
 h - a potion of mutation {unknown}
 i - a potion of agility {unknown}
 j - a potion of might {unknown}
 n - a potion of curing {unknown}
 q - a potion of invisibility {unknown}
 t - a potion of haste {unknown}
Comestibles
 l - a royal jelly
 p - a bread ration
 w - a meat ration


   Skills:
 + Level 2.6 Fighting
 + Level 0.5 Short Blades
 + Level 4.2 Throwing
 + Level 0.1 Armour
 + Level 2.1 Dodging
 + Level 1.1 Stealth


You had 2 spell levels left.
You didn't know any spells.

Dungeon Overview and Level Annotations

Branches:
Dungeon (4/15)
 Temple: D:4-7

Altars:
Fedhas
Gozag
Kikubaaqudgha


Innate Abilities, Weirdness & Mutations

Your body is rotting away.
You thrive on raw meat.
You are immune to poison.
You have sharp fingernails.
You are carnivorous and can eat meat at any time.
Your flesh is cold resistant.
You are immune to negative energy.
You heal slowly when monsters are visible.
You are immune to unholy pain and torment.
You can survive without breathing.


Message History

Unknown command.
The gnoll hits you with a flail!
You see here a meat ration.
w - a meat ration The gnoll barely misses you.
The gnoll barely misses you.
The gnoll hits you from afar with a halberd.
* * * LOW HITPOINT WARNING * * *
Found 24 gold pieces.
Found a stone staircase leading up.
Found 2 bubbling orange potions.
You see here 17 gold pieces.
The gnoll shaman invokes the aid of its god against you.
You are outlined in light.
The gnoll shaman calls upon its god to speed up the gnoll.
The gnoll seems to speed up.
The gnoll shaman barely misses you.
The gnoll hits you from afar with a halberd!
Ouch! That really hurt!
You die...

..... .....# #.#
#... ####.....# #.#
#...###...#.##.#
#.####
#...........##.#
#.....
#........##.###.....
#.....$....g........
#....^g..##.###.....
#..ggg......# #.....
#..@......#...#.....
#.........#.#.#.....
#..!..$...#.#.#.....
#.........#.# #.....
###.#####.#.# #####.
..# # . ### .


You could see a gnoll shaman and 3 gnolls.

Vanquished Creatures
  An adder (D:2)
  2 giant geckos (D:1)
  An orc (D:2)
  2 ball pythons
  2 bats (D:2)
  5 hobgoblins (D:1)
  3 kobolds
  A quokka (D:2)
  3 giant cockroaches
  6 goblins
  8 rats
34 creatures vanquished.

Notes
Turn   | Place    | Note
--------------------------------------------------------------
     0 | D:1      | Jine the Ghoul Hunter began the quest for the Orb.
     0 | D:1      | Reached XP level 1. HP: 17/17 MP: 0/0
   171 | D:1      | Reached XP level 2. HP: 20/25 MP: 1/1
   221 | D:1      | Reached skill level 4 in Throwing
   974 | D:1      | Reached XP level 3. HP: 28/28 MP: 2/2
  1611 | D:2      | Found a blossoming altar of Fedhas.
  1763 | D:3      | Found an opulent altar of Gozag.
  1903 | D:3      | Found an ancient bone altar of Kikubaaqudgha.
  1910 | D:3      | You fall through a shaft!
  1934 | D:4      | Slain by a gnoll

Vault maps used:
D:1:      saegor_arrival_simple_b
D:2:      fedhas_altar_4, first_bread
D:3:      minitemple, minmay_misc_feat_tiny
D:4:      trog_wizard, uniq_duvessa

Action                   || total
-------------------------++-------
Melee: Short sword       ||    82
Throw: Javelin           ||    38
  Eat: Meat ration       ||     1
